 Dungeon Crawl Stone Soup version 0.20.0-15-g7f486f2 (webtiles) character file.

49 louis the Grave Robber (level 3, -5/24 HPs)
             Began as a Mummy Necromancer on June 20, 2017.
             Slain by Crazy Yiuf
             ... wielding a +3 quarterstaff of chaos
              (10 damage)
             ... on level 2 of the Dungeon.
             The game lasted 00:06:27 (1524 turns).

louis the Grave Robber (Mummy Necromancer)          Turns: 1524, Time: 00:06:28

Health: -5/24      AC:  2    Str: 11    XL:     3   Next: 53%
Magic:  0/8        EV: 12    Int: 15    God:
Gold:   96         SH:  0    Dex: 12    Spells: 4/9 levels left

rFire    . . .     SeeInvis .   (no weapon)
rCold    + . .     Gourm    .   (no shield)
rNeg     + + +     Faith    .   a - +0 robe
rPois    ∞         Spirit   .   (no helmet)
rElec    .         Reflect  .   (no cloak)
rCorr    .         Harm     .   (no gloves)
MR       .....                  (no boots)
Stlth    ++........             (no amulet)
Regen    0.1/turn               g - ring of protection from fire
MPRegen  0.2/turn               (no ring)

@: very slightly contaminated
A: no food or potions, fire vulnerability, cold resistance 1, negative energy
resistance 3, torment resistance, unbreathing
a: no special abilities


You were on level 2 of the Dungeon.
You were not hungry.

You visited 1 branch of the dungeon, and saw 2 of its levels.

You collected 96 gold pieces.

Inventory:

Armour
 a - a +0 robe (worn)
Jewellery
 g - a ring of protection from fire (left hand)
Scrolls
 c - a scroll of enchant armour {unknown}
 d - 5 scrolls of remove curse {unknown}
 e - 2 scrolls of identify
 f - a scroll of enchant weapon {unknown}
 h - a scroll of fear
Books
 b - a book of Necromancy

   Spells                             Type                      Level
   a - Pain                           Necromancy                   1
   b - Animate Skeleton               Necromancy                   1
   c - Vampiric Draining              Necromancy                   3
   d - Regeneration                   Charms/Necromancy            3
   e - Animate Dead                   Necromancy                   4
   f - Control Undead                 Necromancy                   4


   Skills:
 * Level 1.9 Dodging
 + Level 1.6 Stealth
 + Level 0.1 Unarmed Combat
 * Level 3.5 Spellcasting
 * Level 4.6 Necromancy


You had 4 spell levels left.
You knew the following spells:

 Your Spells              Type           Power        Failure   Level  Hunger
a - Pain                  Necr           ###.         2%          1    N/A
b - Animate Skeleton      Necr           N/A          2%          1    N/A
c - Vampiric Draining     Necr           ###.......   9%          3    N/A

Dungeon Overview and Level Annotations

Branches:
Dungeon (2/15)

Altars:
Okawaru

Annotations:
D:2 Crazy Yiuf


Innate Abilities, Weirdness & Mutations

You do not eat or drink.
Your flesh is vulnerable to fire.
You are immune to poison.
Your flesh is cold resistant. (rC+)
You are immune to negative energy. (rN+++)
You are immune to unholy pain and torment.
You can survive without breathing.


Message History

You completely miss the goblin. The goblin misses you.
Crazy Yiuf whimpers, "Ghoul!"
You hit the goblin.
The goblin is heavily wounded.
The goblin hits you but does no damage.
You completely miss the goblin.
The goblin is heavily wounded.
Crazy Yiuf cries, "Earwax!
Ghoul bag mobile."
Crazy Yiuf barely misses you. The goblin misses you.
You hit the goblin but do no damage.
The goblin is heavily wounded.
Crazy Yiuf cries, "You leg down broken song, no?"
Crazy Yiuf hits you with a quarterstaff of chaos.
Crazy Yiuf burns you.
* * * LOW HITPOINT WARNING * * *
The goblin barely misses you.
You hit the goblin.
You kill the goblin!
Crazy Yiuf hits you with a quarterstaff of chaos!
You die...

###### #....#
#....# ##....##
#......# #.######
♣♣♣♣♣### #.###..#
#### ♣♣♣)♣).).##
....>..#
#)))#♣g@♣).....##
#......#
#.))')♣♣♣♣..Z...#
#......# #)))#♣♣
♣♣)..)!# .......#
#### ♣♣###.#
#......# #..#
.....### #.##
####.# ## #.#
####.## #.# #Z#
..##..# #.# #.#


You could see Crazy Yiuf.

Vanquished Creatures
  An ooze (D:1)
  4 dart slugs (D:1)
  A giant cockroach (D:2)
  3 goblins
  2 hobgoblins
  2 jackals (D:2)
  5 bats
  3 frilled lizards
  7 kobolds
  7 rats
35 creatures vanquished.

Vanquished Creatures (collateral kills)
  A dart slug (D:1)
  A giant cockroach (D:2)
  A kobold (D:2)
  A rat (D:1)
4 creatures vanquished.

Grand Total: 39 creatures vanquished

Notes
Turn   | Place    | Note
-------+----------+-------------------------------------------
     0 | D:1      | louis the Mummy Necromancer began the quest for the Orb.
     0 | D:1      | Reached XP level 1. HP: 13/13 MP: 4/4
   143 | D:1      | Reached XP level 2. HP: 14/19 MP: 0/5
   339 | D:1      | Learned a level 1 spell: Animate Skeleton
   676 | D:1      | Reached XP level 3. HP: 20/24 MP: 0/7
  1040 | D:2      | Found an iron altar of Okawaru.
  1492 | D:2      | Learned a level 3 spell: Vampiric Draining
  1504 | D:2      | Found a runed door.
  1508 | D:2      | Noticed Crazy Yiuf
  1524 | D:2      | Slain by Crazy Yiuf

Skill      XL: |  1  2 |
---------------+-------+-----
Spellcasting   | 3 |  3.5
Dodging        | |  1.9
Stealth        | |  1.6
Unarmed Combat | |  0.1
Necromancy     | |  4.6

Action                   || total
-------------------------++-------
Melee: Unarmed           ||    40
 Cast: Pain              ||    67
       Animate Skeleton  ||    10
       Vampiric Draining ||     1
  Use: Scroll            ||     3
 Stab: Sleeping          ||     1
Armor: Robe              ||     4
Dodge: Dodged            ||    36
